 Dungeon Crawl Stone Soup version 0.31-a0-1522-g43313d8a59 (webtiles) character file.

Game seed: 3166293163706727958

93 Dirian the Covered (level 4, 0/40 HPs)
             Began as a Minotaur Fighter on Dec 30, 2023.
             Slain by a gnoll
             ... wielding a +0 flail
             ... led by a gnoll bouda
              (7 damage)
             ... on level 3 of the Dungeon.
             The game lasted 00:02:02 (1813 turns).

Dirian the Covered (Minotaur Fighter)               Turns: 1813, Time: 00:02:03

Health: 0/40       AC:  8    Str: 23    XL:     4   Next: 37%
Magic:  3/3        EV:  9    Int:  5    God:
Gold:   117        SH:  4    Dex:  9    Spells: 3/3 levels left

rFire   . . .        a - +0 war axe
rCold   . . .        c - +0 buckler
rNeg    . . .        b - +0 scale mail
rPois   .            (helmet restricted)
rElec   .            j - +0 cloak
rCorr   .            (no gloves)
SInv    .            (no boots)
Will    .....        k - amulet of regeneration Stlth
                     (no ring)
HPRegen 1.06/turn    (no ring)
MPRegen 0.08/turn

%: no passive effects
@: mighty, weakened
A: horns 2, retaliatory headbutt
a: no special abilities


You were on level 3 of the Dungeon.
You visited 1 branch of the dungeon, and saw 3 of its levels.

You collected 117 gold pieces.

Inventory:

Hand Weapons
 a - a +0 war axe (weapon)
Missiles
 n - 5 javelins
Armour
 b - a +0 scale mail (worn)
 c - a +0 buckler (worn)
 j - a +0 cloak (worn)
Jewellery
 k - an amulet of regeneration (around neck)
Scrolls
 f - a scroll of revelation {unknown}
 g - 2 scrolls of identify {unknown}
 h - a scroll of immolation {unknown}
 i - 3 scrolls of teleportation {unknown}
 l - 2 scrolls of fog {unknown}
 m - a scroll of enchant weapon {unknown}
 o - a scroll of torment {unknown}
 p - a scroll of poison {unknown}
Potions
 e - a potion of brilliance {unknown}
 q - a potion of heal wounds {unknown}
 r - a potion of attraction {unknown}
 s - a potion of mutation {unknown}


   Skills:
 + Level 4.2 Fighting
 + Level 4.0 Axes
 + Level 4.4 Armour
 + Level 4.1 Shields


You had 3 spell levels left.
You didn't know any spells.
Your spell library was empty.

Dungeon Overview and Level Annotations

Branches:
Dungeon (3/15) Zot: 16153

Altars:
Cheibriados
Qazlal


Innate Abilities, Weirdness & Mutations

You have a pair of horns on your head.
You reflexively headbutt those who attack you in melee.


Message History

The goblin shouts!
The gnoll bouda shouts!
The gnoll shouts!
The gnoll barely misses you. The gnoll hits you with a +0 spear!
The frilled lizard hisses.
You closely miss the gnoll. You closely miss the frilled lizard.
You barely miss the gnoll. The gnoll barely misses you.
The frilled lizard barely misses you. The gnoll closely misses you.
The gnoll hits you with a +0 spear. The frilled lizard bites you.
The gnoll hits you but does no damage.
You feel very mighty all of a sudden. The gnoll hits you but does no damage.
The gnoll bouda gazes fiercely through you!
You feel your attacks grow feeble.
The frilled lizard bites you but does no damage.
The goblin hits you with a +1 dagger of draining.
You feel drained.
You slash the gnoll bouda! You headbutt the gnoll bouda!
You kill the gnoll bouda!
You slash the gnoll! You closely miss the frilled lizard. You slash the goblin!
You kill the goblin!
The frilled lizard bites you but does no damage.
The gnoll hits you from afar with a +0 spear.
* * * LOW HITPOINT WARNING * * *
The gnoll hits you with a +0 club.
* * * LOW HITPOINT WARNING * * *
Your life force feels restored.
Your Axes skill increases to level 4!
You have reached level 4!
You feel stronger.
You closely miss the frilled lizard. You headbutt the frilled lizard.
You kill the frilled lizard!
You barely miss the gnoll. The gnoll barely misses you.
The gnoll hits you but does no damage.
You barely miss the gnoll. You headbutt the gnoll.
The gnoll is moderately wounded.
You slash the gnoll!
You kill the gnoll!
The gnoll hits you from afar with a +0 spear.
* * * LOW HITPOINT WARNING * * *
The gnoll hits you with a +0 flail!
You die...

..#...# # #..#...#
#..##.## ### #...
.... .≈≈ .... ..?#
≈.. #####. ...#
≈.≈ ##g..⌠#. ..#
≈≈. #)g_..#8+8.##
≈≈. #@######.#..#
≈≈. #))...'..#..#
≈.≈ #?....'..#..#
≈..
#.######.#..##..≈≈
#.. #8'8....####
##. #....####.##
#####....####.##
............#.##
........###.#...


You could see 2 gnolls.

Vanquished Creatures
  A gnoll bouda (D:3)
  A gnoll (D:3)
  An adder (D:2)
  A ribbon worm (D:3)
  4 ball pythons
  7 bats
  8 endoplasms
  A giant cockroach (D:1)
  4 goblins
  4 hobgoblins
  2 jackals (D:1)
  3 quokkas
  6 frilled lizards
  4 kobolds
  5 rats
52 creatures vanquished.

Notes
Turn   | Place    | Note
-------+----------+-------------------------------------------
     0 | D:1      | Dirian the Minotaur Fighter began the quest for the Orb.
     0 | D:1      | Reached XP level 1. HP: 19/19 MP: 0/0
   120 | D:1      | Reached XP level 2. HP: 27/27 MP: 1/1
  1010 | D:2      | Reached XP level 3. HP: 33/33 MP: 2/2
  1741 | D:3      | Found a snail-covered altar of Cheibriados.
  1808 | D:3      | Found a stormy altar of Qazlal.
  1812 | D:3      | Reached XP level 4. HP: 8/40 MP: 3/3
  1813 | D:3      | Slain by a gnoll

Illustrated notes

Levels and vault maps discovered:
D:1:      grunt_arrival_lava_bath, layout_basic, minmay_tall_x
D:2:      layout_basic, st_stairs_10
D:3:      layout_loops_cross, mainiacjoe_overflow_paths, jmf_multi_god_temple2

Skill      XL: |  1  2  3 |
---------------+----------+-----
Fighting       | 4 |  4.2
Armour         | 4 |  4.4
Shields        | 4 |  4.1
Axes           | 4 |  4.0

Action                     |  1- 3 |  4- 6 || total
---------------------------+-------+-------++-------
  Melee: War axe           |    84 |     2 ||    86
         Headbutt          |    10 |     2 ||    12
    Use: Potion            |     1 |       ||     1
 Armour: Scale mail        |    53 |     3 ||    56
  Dodge: Dodged            |    47 |     1 ||    48
  Block: Buckler           |    18 |       ||    18

Table legend: (Time is in decaauts)
 A = Elapsed time spent in this place.
 B = Non-inter-level travel time spent in this place.
 C = Inter-level travel time spent in this place.
 D = Time resting spent in this place.
 E = Time spent auto-exploring this place.
 F = Levels seen in this place.
 G = Mean time per level.
                   A        B        C        D        E       F      G
               +--------+--------+--------+--------+--------+-----+--------+
         Total |   1845 |   1676 |    169 |      0 |   1413 |   3 |  615.0 |
       Dungeon |   1845 |   1676 |    169 |      0 |   1413 |   3 |  615.0 |
               +--------+--------+--------+--------+--------+-----+--------+

Top non-repeatable levels by time:
     D:1: 1010 daAuts
     D:2: 615 daAuts
     D:3: 219 daAuts
